 Dungeon Crawl Stone Soup version 0.21.1-1-g345015f (webtiles) character file.

24 wilfster70 the Cutter (level 3, -2/24 HPs)
             Began as a Halfling Warper on May 25, 2018.
             Slain by Natasha (5 damage)
             ... on level 2 of the Dungeon.
             The game lasted 00:03:59 (1359 turns).

wilfster70 the Cutter (Halfling Warper)             Turns: 1359, Time: 00:04:00

Health: -2/24      AC:  3    Str: 12    XL:     3   Next: 15%
Magic:  5/5        EV: 14    Int: 12    God:
Gold:   91         SH:  0    Dex: 13    Spells: 1/5 levels left

rFire    . . .     SeeInvis .   a - +0 short sword
rCold    . . .     Gourm    .   (shield restricted)
rNeg     . . .     Faith    .   b - +0 leather armour
rPois    .         Spirit   .   (no helmet)
rElec    .         Reflect  .   (no cloak)
rCorr    .         Harm     .   (no gloves)
MR       .....                  (no boots)
Stlth    +.........             (no amulet)
HPRegen  0.08/turn              (no ring)
MPRegen  0.09/turn              (no ring)

@: no status effects
A: small, mutation resistance 1
a: no special abilities


You were on level 2 of the Dungeon.
You were not hungry.

You visited 1 branch of the dungeon, and saw 2 of its levels.

You collected 91 gold pieces.

Inventory:

Hand Weapons
 a - a +0 short sword (weapon)
Missiles
 e - 5 tomahawks of dispersal (quivered)
 g - 50 sling bullets
 n - 2 stones
Armour
 b - a +0 leather armour (worn)
Jewellery
 m - an uncursed ring of ice {unknown}
Scrolls
 d - a scroll of blinking
 h - 2 scrolls of remove curse {unknown}
 i - 2 scrolls of fear {unknown}
 j - 2 scrolls of teleportation {unknown}
 p - a scroll of identify {unknown}
Potions
 k - 2 potions of flight {unknown}
 l - 2 potions of lignification {unknown}
Books
 c - a book of Spatial Translocations

   Spells                             Type                      Level
   a - Blink                          Translocation                2
   b - Shroud of Golubria             Charms/Translocation         2
   c - Lesser Beckoning               Translocation                3
   d - Gell's Gravitas                Translocation                3
   e - Teleport Other                 Translocation                3
   f - Passage of Golubria            Translocation                4
Comestibles
 f - 2 rations
 o - a chunk of flesh


   Skills:
 - Level 1.7 Fighting
 * Level 3.6 Short Blades
 - Level 1.0 Throwing
 + Level 1.7 Armour
 - Level 2.1 Dodging
 - Level 1.5 Spellcasting
 + Level 0.7 Charms
 - Level 3.2 Translocations


You had one spell level left.
You knew the following spells:

 Your Spells              Type           Power        Failure   Level  Hunger
a - Blink                 Tloc           N/A          14%         2    ###....
b - Shroud of Golubria    Chrm/Tloc      #.........   24%         2    ###....


Dungeon Overview and Level Annotations

Branches:
Dungeon (2/15)

Altars:

Annotations:
D:2 Natasha


Innate Abilities, Weirdness & Mutations

You are small and have problems with some larger weapons.
You are somewhat resistant to further mutation.


Message History

You barely miss Natasha.
Natasha is heavily wounded.
Natasha claws you.
A frilled lizard comes into view.
You closely miss Natasha.
Natasha is heavily wounded.
The crimson imp hits you. Natasha claws you.
You hit Natasha.
Natasha is severely wounded.
The crimson imp hits you. Natasha claws you!
* * * LOW HITPOINT WARNING * * *
You barely miss Natasha.
Natasha is severely wounded.
The crimson imp hits you.
* * * LOW HITPOINT WARNING * * *
Natasha closely misses you.
You barely miss Natasha.
Natasha is severely wounded.
The crimson imp closely misses you. Natasha claws you.
You die...

#......##.#
###..###.##.###
.............#
##..###.##.#.#
##...###.##.#.#
#.....##.##.# #
#..........# #h
##5########...# #.
#@# . .. #. #h# .
##.## ##h## ...#
##h5l## ..###.....##
# #h##.......##
#...##.#.........#
#.......'.........+
##...##.#....รท....#


You could see an iron imp, Natasha, a crimson imp, 2 jackals and a frilled
lizard.

Vanquished Creatures
  A worm (D:2)
  A dart slug (D:1)
  A leopard gecko (D:2)
  2 bats
  A giant cockroach (D:2)
  2 hobgoblins (D:1)
  4 jackals
  A frilled lizard (D:1)
  3 kobolds
  2 rats (D:1)
18 creatures vanquished.

Notes
Turn   | Place    | Note
-------+----------+-------------------------------------------
     0 | D:1      | wilfster70 the Halfling Warper began the quest for the Orb.
     0 | D:1      | Reached XP level 1. HP: 14/14 MP: 3/3
   431 | D:1      | Reached XP level 2. HP: 16/19 MP: 4/4
   446 | D:1      | Learned a level 2 spell: Blink
   493 | D:1      | Learned a level 2 spell: Shroud of Golubria
  1293 | D:2      | Reached XP level 3. HP: 20/24 MP: 5/5
  1335 | D:2      | Noticed Natasha
  1359 | D:2      | Slain by Natasha

Skill      XL: |  1 |
---------------+----+-----
Short Blades   | 3 |  3.6
Fighting       | |  1.7
Throwing       | |  1.0
Armour         | |  1.7
Dodging        | |  2.1
Spellcasting   | |  1.5
Charms         | |  0.7
Translocations | |  3.2

Action                   || total
-------------------------++-------
Melee: Short sword       ||    99
  Eat: Chunk             ||     1
Armor: Leather armour    ||    22
Dodge: Dodged            ||    83
